 Dungeon Crawl Stone Soup version 0.31-a0-182-gc5ef74bbde (webtiles) character file.

Game seed: 16506437581537530202

375 qw the Chopper (level 6, -2/38 HPs)
             Began as a Gargoyle Fighter on June 20, 2023.
             Slain by a gnoll
             ... wielding a +0 halberd
              (20 damage)
             ... on level 4 of the Dungeon.
             The game lasted 00:01:36 (3204 turns).

qw the Chopper (Gargoyle Fighter)                   Turns: 3204, Time: 00:01:36

Health: -2/38      AC: 15    Str: 33    XL:     6   Next: 73%
Magic:  6/6        EV:  9    Int:  8    God:
Gold:   131        SH:  0    Dex:  9    Spells: 5/5 levels left

rFire   . . .        Y - +1 war axe
rCold   . . .        r - orb "Gonef" {mayhem, rN+++ Regen+ Str+5 Stlth-}
rNeg    + + +        o - +0 chain mail
rPois   inf          m - +0 helmet
rElec   +            (no cloak)
rCorr   .            q - +0 pair of gloves
SInv    .            (no boots)
Will    .....        v - amulet of faith Stlth
                     k - +6 ring of strength
HPRegen 1.06/turn    (no ring)
MPRegen 0.10/turn

%: mayhem, faith
@: no status effects
A: sickness immunity, AC +4, negative energy resistance 1, electricity
resistance, torment resistance 1, petrification resistance
a: no special abilities


You were on level 4 of the Dungeon.
You visited 1 branch of the dungeon, and saw 4 of its levels.

You collected 131 gold pieces.


Innate Abilities, Weirdness & Mutations

You are immune to sickness and miasma.
Your stone body is resilient. (AC +4)
You are immune to poison.
You resist negative energy. (rN+)
You are resistant to electric shocks. (rElec)
You are resistant to unholy torment.
You are immune to petrification.


   Skills:
 - Level 4.2 Fighting
 + Level 5.7 Axes
 - Level 3.2 Armour
 - Level 1.0 Dodging
 - Level 3.2 Shields


You had 5 spell levels left.
You didn't know any spells.
Your spell library was empty.

Inventory:

Hand Weapons
 s - a +0 flail
 Y - a +1 war axe (weapon)
Armour
 m - a +0 helmet (worn)
 o - a +0 chain mail (worn)
 q - a +0 pair of gloves (worn)
 r - the orb "Gonef" (worn) {mayhem, rN+++ Regen+ Str+5 Stlth-}
   (You found it on level 3 of the Dungeon)

   Str:       It affects your strength (+5).
   rN:        It renders you almost immune to negative energy.
   Regen:     It increases your rate of health regeneration.
   Stlth:     It makes you less stealthy.
 t - the +1 ring mail "Vusiada" {rPois rC++}
   (You found it on level 3 of the Dungeon)

   rC:        It greatly protects you from cold.
   rPois:     It protects you from poison.
Jewellery
 a - a ring of ice
 j - an amulet of the acrobat
 k - a +6 ring of strength (left hand)
 v - an amulet of faith (around neck)
Scrolls
 h - a scroll of identify
 n - a scroll of teleportation
Potions
 d - 2 potions of might
 f - a potion of degeneration {unknown}
 g - a potion of attraction {unknown}
 i - a potion of curing
 l - a potion of cancellation {unknown}

Dungeon Overview and Level Annotations

Branches:
Dungeon (4/15)
 Temple: D:4-7

Altars:
Gozag
Qazlal


Message History

The gnoll closely misses the gnoll.
The gnoll hits the gnoll with a +0 halberd!
The gnoll barely misses the gnoll.
The gnoll closely misses the gnoll.
A gnoll comes into view. It is wielding a +0 flail.
The gnoll hits the gnoll with a +0 spear!
The gnoll dies!
The gnoll hits the gnoll with a +0 halberd!
The gnoll dies!
The gnoll hits something from afar with a +0 halberd!
You feel a bit more experienced.
You see here a hobgoblin corpse.
Enter note:
Enter note:
Enter note:
Enter note:
Enter note:
Enter note: A giant cockroach comes into view.
You slice the ogre!!
The ogre is severely wounded.
The ogre hits you with a +0 giant club.
You slash the ogre!
You kill the ogre!
The gnoll barely misses you. The gnoll barely misses you.
The gnoll closely misses you.
A ball python comes into view.
The ball python hisses angrily.
The gnoll hits you from afar with a +0 halberd!
The gnoll closely misses the giant cockroach.
The gnoll hits the giant cockroach with a +0 halberd!!
The giant cockroach dies!
The gnoll hits you from afar with a +0 halberd!
The gnoll hits you but does no damage. The gnoll closely misses you.
The gnoll hits the ball python from afar with a +0 halberd.
The ball python dies!
A gnoll is nearby!
The gnoll barely misses you.
The gnoll hits you from afar with a +0 halberd!!
Ouch! That really hurt!
You die...

.................
..........<...... .
#######)......... ..
##........... ...
#####............
....
#........########
#.... #........#
#.....##.)......#
......)@.g.........
.......>............
....................
...................#
....................
.............)....
.............).g
...............


You could see a neutral gnoll (fast, strong, insane).

Vanquished Creatures
  An ogre (D:4)
  2 orc priests
  A jelly (D:4)
  2 orc wizards
  2 adders
  A worm (D:2)
  2 dart slugs
  9 orcs
  3 bats
  4 endoplasms
  6 giant cockroaches
  4 goblins
  9 hobgoblins
  7 kobolds
  2 quokkas
  7 ball pythons
  2 frilled lizards (D:2)
  7 rats
71 creatures vanquished.

Vanquished Creatures (collateral kills)
  3 gnolls (D:4)
  An adder (D:4)
  2 orcs (D:4)
  A giant cockroach (D:4)
  A ball python (D:4)
8 creatures vanquished.

Grand Total: 79 creatures vanquished

Notes
Turn   | Place    | Note
-------+----------+-------------------------------------------
     0 | D:1      | qw the Gargoyle Fighter began the quest for the Orb.
     0 | D:1      | Reached XP level 1. HP: 14/14 MP: 1/1
     0 | D:1      | 0 ||| qw: Version: 0.3-a-9-g12657ce
     0 | D:1      | 0 ||| qw: Game counter: 1352
     0 | D:1      | 0 ||| qw: Always use a shield: true
     0 | D:1      | 0 ||| qw: God list: Okawaru
     0 | D:1      | 0 ||| qw: Allow faded altars: false
     0 | D:1      | 0 ||| qw: Do Orc after D:15 true
     0 | D:1      | 0 ||| qw: Do second Lair branch before Depths: true
     0 | D:1      | 0 ||| qw: Lair rune preference: random
     0 | D:1      | 0 ||| qw: Plans: Normal, Zot:1-4, Slime:5, God:TSO, Crypt,
                  | Tomb, Abyss, Pan, Hells, Win
     0 | D:1      | 0 ||| PLANNING D:1-11
    50 | D:1      | Reached skill level 2 in Axes
   117 | D:1      | 117 ||| Stepping ~*~*~tactically~*~*~ (stealth).
   122 | D:1      | Reached XP level 2. HP: 19/19 MP: 2/2
   380 | D:1      | Reached skill level 3 in Axes
   594 | D:1      | Reached XP level 3. HP: 23/23 MP: 3/3
   881 | D:1      | 881 ||| DROPPING scarf of shadows.
   882 | D:1      | 882 ||| UPGRADING to +0 helmet.
   887 | D:1      | 887 ||| UPGRADING to amulet of the acrobat.
   892 | D:1      | 892 ||| READING scroll labelled TILEBL XOOS.
   895 | D:1      | 895 ||| READING 2 scrolls labelled DEONUZEGUF.
   896 | D:1      | 896 ||| DRINKING 3 metallic grey potions.
  1639 | D:2      | 1639 ||| UPGRADING to +0 chain mail.
  1649 | D:2      | 1649 ||| DROPPING +0 scale mail.
  1650 | D:2      | 1650 ||| UPGRADING to +6 ring of strength.
  1651 | D:2      | 1651 ||| READING scroll labelled SUUPSE VIUTIY.
  1652 | D:2      | 1652 ||| READING scroll labelled NOIMUUP HEDO.
  1751 | D:3      | Reached XP level 4. HP: 28/28 MP: 4/4
  1766 | D:3      | Found an opulent altar of Gozag.
  1873 | D:3      | 1873 ||| Stepping ~*~*~tactically~*~*~ (stealth).
  1876 | D:3      | 1876 ||| Stepping ~*~*~tactically~*~*~ (hiding).
  1881 | D:3      | Reached skill level 4 in Axes
  1891 | D:3      | 1891 ||| DROPPING +0 whip.
  1911 | D:3      | Found a faded altar of an unknown god.
  2015 | D:3      | Found a stormy altar of Qazlal.
  2051 | D:3      | Identified the orb "Gonef" {mayhem, rN+++ Regen+ Str+5
                  | Stlth-}
  2052 | D:3      | 2052 ||| Stepping ~*~*~tactically~*~*~ (stealth).
  2054 | D:3      | 2054 ||| Stepping ~*~*~tactically~*~*~ (hiding).
  2065 | D:3      | 2065 ||| DRINKING 4 potions of curing.
  2065 | D:3      | 2065 ||| (to cure confusion)
  2067 | D:3      | 2067 ||| FLEEEEING.
  2068 | D:3      | 2068 ||| FLEEEEING.
  2069 | D:3      | 2069 ||| FLEEEEING.
  2070 | D:3      | 2070 ||| FLEEEEING.
  2071 | D:3      | 2071 ||| FLEEEEING.
  2072 | D:3      | 2072 ||| FLEEEEING.
  2073 | D:3      | 2073 ||| FLEEEEING.
  2074 | D:3      | 2074 ||| FLEEEEING.
  2075 | D:3      | 2075 ||| FLEEEEING.
  2076 | D:3      | 2076 ||| FLEEEEING.
  2077 | D:3      | 2077 ||| FLEEEEING.
  2078 | D:3      | 2078 ||| FLEEEEING.
  2080 | D:3      | 2080 ||| DRINKING 3 potions of curing.
  2080 | D:3      | 2080 ||| (to cure confusion)
  2087 | D:3      | Reached XP level 5. HP: 23/32 MP: 5/5
  2094 | D:3      | 2094 ||| DRINKING 2 potions of curing.
  2094 | D:3      | 2094 ||| (to cure confusion)
  2124 | D:3      | 2124 ||| DROPPING +0 mace.
  2321 | D:3      | Identified the +1 ring mail "Vusiada" {rPois rC++}
  2774 | D:3      | 2774 ||| UPGRADING to +0 pair of gloves.
  2779 | D:3      | 2779 ||| UPGRADING to orb "Gonef" {mayhem, rN+++ Regen+
                  | Str+5 Stlth-}.
  2789 | D:3      | 2789 ||| DROPPING +0 buckler.
  2790 | D:3      | 2790 ||| UPGRADING to amulet of faith.
  2800 | D:3      | 2800 ||| READING scroll labelled SEEMAU KONA.
  2801 | D:3      | 2801 ||| READING scroll labelled TUFRIN GINICZA.
  2802 | D:3      | 2802 ||| READING scroll labelled CIUHAP ANYHEXT.
  2803 | D:3      | 2803 ||| READING scroll labelled TOSAHENWED.
  2910 | D:4      | 2910 ||| Stepping ~*~*~tactically~*~*~ (hiding).
  2913 | D:4      | 2913 ||| Stepping ~*~*~tactically~*~*~ (hiding).
  2914 | D:4      | 2914 ||| Stepping ~*~*~tactically~*~*~ (hiding).
  2915 | D:4      | 2915 ||| Stepping ~*~*~tactically~*~*~ (hiding).
  2917 | D:4      | 2917 ||| Stepping ~*~*~tactically~*~*~ (hiding).
  2918 | D:4      | 2918 ||| Stepping ~*~*~tactically~*~*~ (hiding).
  2919 | D:4      | 2919 ||| Stepping ~*~*~tactically~*~*~ (hiding).
  2920 | D:4      | Reached skill level 5 in Axes
  2925 | D:4      | 2925 ||| DRINKING 2 potions of curing.
  2925 | D:4      | 2925 ||| (to cure confusion)
  2961 | D:4      | 2961 ||| Stepping ~*~*~tactically~*~*~ (stealth).
  3009 | D:4      | Reached skill level 1 in Dodging
  3009 | D:4      | Reached XP level 6. HP: 32/38 MP: 6/6
  3204 | D:4      | Slain by a gnoll

Levels and vault maps discovered:
D:1:      elethiomel_arrival_infinity_welcomes_careful_drivers, layout_basic
D:2:      layout_loops_ring, serial_bayou, serial_bayou_lake_a,
          serial_bayou_shore_b, serial_bayou_pond_d, serial_bayou_shore_a,
          serial_bayou_pond_d, minmay_heptomino_d4
D:3:      layout_basic, mainiacjoe_overflow_alcove_2,
          mainiacjoe_overflow_brackets, chequers_ecumenical_altar_grove
D:4:      cheibrodos_pilgrimage, layout_basic, chequers_decorated_corner,
          minmay_misc_feat_ornament

Skill      XL: |  1  2  3  4  5 |
---------------+----------------+-----
Axes           | 2 3 4 5 |  5.7
Fighting       | 4 |  4.2
Dodging        | 1 |  1.0
Armour         | |  3.2
Shields        | |  3.2

Action                     |  1- 3 |  4- 6 || total
---------------------------+-------+-------++-------
  Melee: War axe           |   113 |    90 ||   203
  Throw: Boomerang         |     2 |       ||     2
    Use: Scroll            |     4 |     4 ||     8
         Potion            |     1 |     4 ||     5
   Stab: Distracted        |       |     1 ||     1
 Armour: Scale mail        |    55 |       ||    55
         Chain mail        |     2 |    69 ||    71
  Dodge: Dodged            |    47 |    55 ||   102
  Block: Buckler           |    17 |     8 ||    25

Table legend:
 A = Non-vault XP
 B = Vault XP
 C = Vault XP percentage of total XP
 D = Non-vault monster count
 E = Vault monster count
 F = Vault count percentage of total count
                 A         B        C        D         E       F
            +---------+---------+-------+---------+---------+-------
      Total |     531 |       6 |   1.1 |      75 |       4 |   5.1
            +---------+---------+-------+---------+---------+-------
        D:1 |      42 |       0 |   0.0 |      22 |       0 |   0.0
        D:2 |      28 |       6 |  17.6 |       8 |       4 |  33.3
        D:3 |     137 |       0 |   0.0 |      25 |       0 |   0.0
        D:4 |     324 |       0 |   0.0 |      20 |       0 |   0.0
            +---------+---------+-------+---------+---------+-------
